 Dungeon Crawl Stone Soup version 0.25-a0-690-g234afa57d4 (webtiles) character file.

Game seed: 8331178675386767826, levelgen mode: deterministic

5641 junkrat the Slinger (level 10, 0/77 HPs)
             Began as a Demonspawn Berserker on Mar 30, 2020.
             Was an Elder of Trog.
             Slain by an eight-headed hydra (1 damage)
             ... on level 14 of the Dungeon.
             The game lasted 00:50:01 (7956 turns).

junkrat the Slinger (Demonspawn Berserker)          Turns: 7956, Time: 00:50:03

Health: 0/77       AC: 18    Str: 19    XL:     10   Next: 46%
Magic:  0/10       EV:  9    Int:  9    God:    Trog [****..]
Gold:   396        SH:  0    Dex: 14    Spells: 9/9 levels left

rFire    . . .     SeeInvis .   A - +6 dire flail (vorpal)
rCold    . . .     Gourm    .   (shield currently unavailable)
rNeg     . . .     Faith    .   C - +0 chain mail
rPois    +         Spirit   +   (no helmet)
rElec    .         Reflect  .   (no cloak)
rCorr    .         Harm     .   p - +2 pair of gloves
MR       .....                  B - +2 pair of boots
Stlth    ..........             m - amulet of regeneration
HPRegen  0.62/turn              j - +2 ring of protection
MPRegen  0.24/turn              h - ring of poison resistance

@: berserk cooldown, slowed, very slow
A: talons 2, magic shield, magic regeneration, magic link
a: Berserk, Trog's Hand, Brothers in Arms, Renounce Religion


You were on level 14 of the Dungeon.
You worshipped Trog.
Trog was greatly pleased with you.
You were hungry.

You visited 1 branch of the dungeon, and saw 12 of its levels.
You also visited: Ossuary.

You collected 501 gold pieces.
You spent 105 gold pieces at shops.

Inventory:

Hand Weapons
 y - a +2 hunting sling
 A - a +6 vorpal dire flail (weapon)
 F - a +0 war axe
Missiles
 d - 16 sling bullets
 f - a silver boomerang (quivered)
 w - 154 stones
 D - 119 bolts
 P - 18 boomerangs
Armour
 p - a +2 pair of gloves (worn)
 B - a +2 pair of boots (worn)
 C - a +0 chain mail (worn)
Jewellery
 h - a ring of poison resistance (right hand)
 j - a +2 ring of protection (left hand)
 l - a +2 ring of strength
 m - an amulet of regeneration (around neck)
 v - an uncursed ring of protection from fire
 K - an uncursed ring of protection from cold
 N - an uncursed ring of fire
 Q - an uncursed ring of ice
Wands
 q - a wand of paralysis (15)
 E - a wand of acid (12)
 G - a wand of flame (23)
 H - a wand of clouds (4)
 J - a wand of polymorph (7)
Scrolls
 e - 7 scrolls of amnesia
 g - 3 scrolls of noise
 k - 6 scrolls of remove curse
 n - 4 scrolls of teleportation
 r - 2 scrolls of immolation
 I - a scroll of identify
 L - 2 scrolls of blinking
Potions
 a - 3 potions of lignification
 b - a potion of berserk rage {unknown}
 i - a potion of mutation {unknown}
 o - a potion of flight {unknown}
 s - a potion of brilliance {unknown}
 t - 7 potions of curing
 u - 3 potions of ambrosia
 x - 3 potions of stabbing
 z - 2 potions of heal wounds
 M - 2 potions of haste {unknown}
 O - 2 potions of magic {unknown}
 S - a potion of degeneration {unknown}
Comestibles
 c - 10 rations
 R - 4 chunks of flesh


   Skills:
 + Level 6.8 Fighting
 + Level 7.1(7.5) Axes
 + Level 3.6(5.8) Maces & Flails
 + Level 8.0(8.1) Slings
 + Level 0.7(5.0) Throwing
 + Level 6.0 Armour
 + Level 4.1 Dodging
 + Level 1.6 Stealth


You had 9 spell levels left.
You didn't know any spells.
Your spell library was empty.

Dungeon Overview and Level Annotations

Branches:
Dungeon (14/15)            Temple (0/1) D:5            Lair (0/6) D:9
 Vaults (0/5) D:13        Ossuary (visited)
    Orc: D:9-12

Altars:
Dithmenos
Makhleb
Okawaru
Ru
Trog
Uskayaw
Wu Jian
Yredelemnul

Shops:
D:7 *%?==

Annotations:
D:3 1 runed translucent door, bmj180's ghost, amateur DrCj


Innate Abilities, Weirdness & Mutations

You have razor-sharp toenails.
When hurt, damage is shared between your health and your magic reserves.
You regenerate magic rapidly.
When low on magic, you restore magic in place of health.


Message History

You puncture the eight-headed hydra!
The eight-headed hydra is moderately wounded.
The eight-headed hydra barely misses you.
The eight-headed hydra bites you but does no damage. x2
The eight-headed hydra bites you.
* * * LOW HITPOINT WARNING * * *
The eight-headed hydra barely misses you.
The eight-headed hydra bites you but does no damage. x2
The eight-headed hydra bites you.
* * * LOW HITPOINT WARNING * * *
The eight-headed hydra bites you but does no damage.
The eight-headed hydra bites you!
* * * LOW HITPOINT WARNING * * *
The eight-headed hydra bites you but does no damage. x3
The eight-headed hydra bites you.
* * * LOW HITPOINT WARNING * * *
The eight-headed hydra bites you!
* * * LOW HITPOINT WARNING * * *
The eight-headed hydra bites you.
You die...

...#######
#........#
#........#
#........#
#........#
+...<....#
#..[.....#
#.D#######
#.@# #Q.#
Q........#
...#####.#
#.. #...
#....
#.....
.....#


You could see an eight-headed hydra and a tengu warrior.

Vanquished Creatures
  Psyche (D:9)
  A hippogriff (D:8)
  3 yaks (D:9)
  A shadow (D:13)
  Eustachio (D:4)
  An acid dragon (D:14)
  2 black bears
  An orc warrior (D:8)
  3 ice beasts
  A phantom (D:6)
  5 sky beasts
  5 ogres
  4 centaurs
  A crocodile (D:9)
  3 big kobolds
  2 elf zombies (Ossuary)
  3 bullfrogs
  A water moccasin zombie (D:8)
  2 scorpions (D:9)
  6 wights (D:8)
  2 howler monkeys
  2 bullfrog zombies (D:5)
  5 crimson imps
  4 orc priests
  4 hounds
  2 centaur skeletons
  6 orc wizards
  A bullfrog skeleton (D:5)
  6 iguanas
  5 worker ants
  3 big kobold zombies (Ossuary)
  2 hound zombies (Ossuary)
  2 hound skeletons (D:4)
  4 mummies (Ossuary)
  7 adders
  3 shadow imps
  3 oozes
  3 adder zombies
  An adder skeleton (D:6)
  A worm (D:3)
  3 dart slugs
  5 leopard geckos
  25 orcs
  3 giant cockroaches
  5 goblins
  12 hobgoblins
  15 jackals
  15 kobolds
  A quokka (D:5)
  A ball python (D:2)
  15 bats
  8 frilled lizards
  A hobgoblin zombie (Ossuary)
  2 jackal zombies (Ossuary)
  A quokka zombie (D:4)
  9 rats
234 creatures vanquished.

Notes
Turn   | Place    | Note
-------+----------+-------------------------------------------
     0 | D:1      | junkrat the Demonspawn Berserker began the quest for the
                  | Orb.
     0 | D:1      | Reached XP level 1. HP: 18/18 MP: 1/1
    58 | D:1      | Gained mutation: When hurt, damage is shared between your
                  | health and your magic reserves. [demonic ancestry]
    58 | D:1      | Reached XP level 2. HP: 22/24 MP: 2/2
   374 | D:1      | Reached ** piety under Trog
   374 | D:1      | Reached XP level 3. HP: 27/29 MP: 3/3
  1007 | D:2      | Found a bloodstained altar of Trog,
  1007 | D:2      | Found an iron altar of Okawaru,
  1008 | D:2      | Found a shadowy altar of Dithmenos,
  1307 | D:2      | Gained mutation: You regenerate magic rapidly. [demonic
                  | ancestry]
  1307 | D:2      | Reached XP level 4. HP: 35/35 MP: 4/4
  1769 | D:3      | Reached *** piety under Trog
  1843 | D:3      | Found a runed translucent door,
  1854 | D:3      | Noticed bmj180's ghost (amateur DrCj)
  1925 | D:3      | Found a burning altar of Makhleb,
  1936 | D:3      | Reached skill level 1 in Slings
  2163 | D:3      | Gained mutation: You have sharp toenails. [demonic
                  | ancestry]
  2163 | D:3      | Reached XP level 5. HP: 42/42 MP: 5/5
  2483 | D:4      | Reached skill level 2 in Slings
  2488 | D:4      | Reached XP level 6. HP: 29/48 MP: 3/6
  2600 | D:4      | Reached skill level 3 in Slings
  2620 | D:4      | Noticed Eustachio
  3071 | D:4      | Reached XP level 7. HP: 49/54 MP: 7/7
  3180 | D:4      | Killed Eustachio
  3180 | D:4      | Reached skill level 5 in Axes
  3490 | D:5      | Entered Level 5 of the Dungeon
  3618 | D:5      | Found a staircase to the Ecumenical Temple,
  3742 | D:5      | Found a sacrificial altar of Ru,
  3775 | D:5      | Reached skill level 4 in Slings
  3775 | D:5      | Gained mutation: When low on magic, you restore magic in
                  | place of health. [demonic ancestry]
  3775 | D:5      | Reached XP level 8. HP: 61/61 MP: 8/8
  3881 | D:5      | Found a hide-covered altar of Uskayaw,
  3891 | D:5      | Found an ornate altar of the Wu Jian Council,
  4418 | D:6      | Reached skill level 5 in Slings
  4469 | D:6      | Reached skill level 5 in Fighting
  4477 | D:6      | Reached **** piety under Trog
  4647 | D:6      | Reached skill level 6 in Slings
  5178 | D:7      | Found Luytef's Magic Scroll Shop,
  5184 | D:7      | Bought a scroll of blinking for 105 gold pieces
  5364 | D:7      | Found Zeitt's Food Boutique,
  5425 | D:7      | Gained mutation: You have razor-sharp toenails. [demonic
                  | ancestry]
  5425 | D:7      | Reached XP level 9. HP: 46/68 MP: 9/9
  5611 | D:7      | Found Xaovuine's Jewellery Shoppe,
  5718 | D:7      | Found Founu's Jewellery Emporium,
  5836 | D:7      | Found a basalt altar of Yredelemnul,
  5840 | D:7      | Found Omuerop's General Store,
  6016 | D:8      | Reached skill level 7 in Slings
  6152 | D:8      | Reached skill level 1 in Stealth
  6237 | D:8      | Found a sand-covered staircase,
  6246 | Ossuary  | Entered an ossuary
  6591 | D:8      | Reached ***** piety under Trog
  6591 | D:8      | Received a gift from Trog
  6611 | D:8      | Reached skill level 5 in Armour
  6636 | D:8      | Reached skill level 8 in Slings
  6760 | D:8      | Reached XP level 10. HP: 77/77 MP: 10/10
  7145 | D:9      | Reached skill level 1 in Maces & Flails
  7162 | D:9      | Noticed Psyche
  7170 | D:9      | Killed Psyche
  7189 | D:9      | Found a staircase to the Lair,
  7839 | D:10     | Entered Level 10 of the Dungeon
  7893 | D:10     | You fall into a shaft and drop 3 floors!
  7906 | D:13     | Noticed a seven-headed hydra
  7914 | D:13     | Noticed a cyclops
  7916 | D:13     | HP: 3/77 [seven-headed hydra (10)]
  7922 | D:13     | Found a gate to the Vaults,
  7922 | D:13     | Noticed a swamp dragon
  7925 | D:13     | HP: 2/77 [hog (shapeshifter) (2)]
  7941 | D:14     | Noticed an eight-headed hydra
  7952 | D:14     | Noticed a tengu warrior
  7956 | D:14     | HP: 1/77 [eight-headed hydra (6)]
  7956 | D:14     | Slain by an eight-headed hydra

Levels and vault maps discovered:
D:1:      dpeg_arrival_connections, layout_rooms
D:2:      layout_rooms, gammafunk_temple_overflow_claw
D:3:      layout_basic, nicolae_overflow_crystal_walls, ebering_ghost_sewer_d,
          first_ration
D:4:      minmay_clustersquares, layout_gridville, uniq_eustachio
D:5:      layout_loops_ring, old_standard_altar,
          amethyst_overflow_temple_binary, minmay_temple_entry_junction
D:6:      layout_loops_cross, serial_glass, glass_columns_a, glass_columns_b,
          glass_columns_b, glass_columns_a, glass_columns_c, glass_columns_c,
          glass_columns_a, glass_columns_b, glass_columns_b, glass_columns_a
D:7:      layout_loops_ring, kennysheep_mini, serial_shops, shop_fountains,
          shop, shop, nicolae_shop_waterfront, nicolae_shop_trees
D:8:      layout_basic, nicolae_ossuary_entry_monument
D:9:      layout_roguey, lair_entry_dummy, uniq_psyche
D:10:     minmay_smoke_and_mirrors, layout_rooms
D:13:     layout_loops_ring, david_vaults_2, serial_ice, serial_ice_b,
          serial_ice_n, serial_ice_f, serial_ice_i, hangedman_ranch
          [blue_anna_fruit_fields]
D:14:     layout_irregular_city, nicolae_trove_entry_crossroad,
          chequers_serial_rivers_micro_a

Skill      XL: |  1  2  3  4  5  6  7  8  9 10 |
---------------+-------------------------------+-----
Axes           | 3 4 5 7 |  7.1
Armour         | 2 3 4 5 6 |  6.0
Dodging        | 2 3 4 |  4.1
Slings         | 1 2 3 4 6 8 |  8.0
Fighting       | 4 5 6 |  6.8
Stealth        | 1 |  1.6
Maces & Flails | 3 |  3.6
Throwing       | |  0.7

Action                   |  1- 3 |  4- 6 |  7- 9 | 10-12 || total
-------------------------+-------+-------+-------+-------++-------
Melee: Hand axe          |   123 |   124 |    10 |       ||   257
       War axe           |       |       |   196 |    32 ||   228
       Hunting sling     |       |       |    16 |       ||    16
       Dire flail        |       |       |    16 |    68 ||    84
 Fire: Hunting sling     |       |   131 |   389 |    15 ||   535
Throw: Boomerang         |     3 |       |    16 |       ||    19
Invok: Berserk           |     2 |     4 |     5 |     1 ||    12
       Trog's Hand       |       |     2 |     6 |     2 ||    10
  Use: Scroll            |       |    10 |     9 |     4 ||    23
       Potion            |       |       |       |     2 ||     2
  Eat: Chunk             |     3 |    10 |    12 |     5 ||    30
       Ration            |       |       |     2 |       ||     2
Armor: Animal skin       |    39 |       |       |       ||    39
       Ring mail         |    21 |     5 |       |       ||    26
       Chain mail        |       |   153 |   440 |    72 ||   665
Dodge: Dodged            |   120 |   113 |   221 |    49 ||   503

Table legend:
 A = Non-vault XP
 B = Vault XP
 C = Vault XP percentage of total XP
 D = Non-vault monster count
 E = Vault monster count
 F = Vault count percentage of total count
                 A         B        C        D         E       F
            +---------+---------+-------+---------+---------+-------
      Total |    6819 |    1240 |  15.4 |     209 |      25 |  10.7
            +---------+---------+-------+---------+---------+-------
        D:1 |      51 |       0 |   0.0 |      29 |       0 |   0.0
        D:2 |      49 |       0 |   0.0 |      18 |       0 |   0.0
        D:3 |     101 |       0 |   0.0 |      30 |       0 |   0.0
        D:4 |     493 |     395 |  44.5 |      19 |       8 |  29.6
        D:5 |     670 |       0 |   0.0 |      14 |       0 |   0.0
        D:6 |     601 |       0 |   0.0 |      18 |       0 |   0.0
        D:7 |     721 |       0 |   0.0 |      11 |       0 |   0.0
        D:8 |    2158 |       0 |   0.0 |      46 |       0 |   0.0
        D:9 |    1451 |     454 |  23.8 |      19 |       1 |   5.0
       D:10 |      75 |       0 |   0.0 |       2 |       0 |   0.0
       D:13 |     208 |       0 |   0.0 |       1 |       0 |   0.0
       D:14 |     241 |       0 |   0.0 |       2 |       0 |   0.0
    Ossuary |       0 |     391 | 100.0 |       0 |      16 | 100.0
            +---------+---------+-------+---------+---------+-------
